Map: 2000 Atmospheres LE

Players

Serral - Winner!

  • Race: Zerg Zerg

Rogue

  • Race: Zerg Zerg

Event: IEM Katowice 2022

VOD

Have the link to the VOD?

Description

Time

  • Played on: Feb. 27, 2022, 6:13 a.m.
  • Length: 10:19

All games in this series

Show
View Real Time Build Order
Export as new Build Order

Serral Zerg - Winner!

Build Orders: Hatch First 

Get SALT Encoding   

  12  0:00  Drone  
  13  0:11  Overlord  
  13  0:16  Drone  
  14  0:30  Drone x2  
  16  0:47  Hatchery  
  15  0:50  Drone  
  15  0:54  Drone  
  17  0:57  Drone  
  18  1:07  Extractor  
  17  1:13  Spawning Pool  
  17  1:15  Drone  
  17  1:18  Drone  
  18  1:27  Drone  
  19  1:38  Drone  
  20  1:57  Drone  
  20  1:59  Queen x2  
  20  2:00  Zergling x2  
  20  2:01  Overlord  
  26  2:10  Drone x2  
  26  2:11  Metabolic Boost  
  28  2:20  Drone x2  
  30  2:30  Zergling x2  
  30  2:31  Zergling x2  
  32  2:37  Hatchery  
  32  2:41  Drone  
  32  2:47  Baneling Nest  
  32  2:48  Overlord  
  31  2:52  Drone  
  31  2:54  Drone  
  35  3:08  Zergling x2  
  35  3:09  Zergling x10  
  35  3:12  Overlord  
  39  3:15  Drone  
  39  3:18  Drone  
  41  3:22  Queen  
  41  3:25  Drone  
  44  3:30  Drone  
  44  3:32  Evolution Chamber  
  44  3:33  Baneling  
  44  3:34  Baneling  
  44  3:35  Drone  
  44  3:39  Drone x2  
  47  3:43  Drone  
  47  3:49  Drone x4  
  47  3:54  Zergling x4  
  52  4:04  Drone x3  
  52  4:05  Zergling x2  
  53  4:11  Baneling x2  
  53  4:13  Roach Warren  
  53  4:16  Drone x3  
  55  4:19  Drone x2  
  55  4:23  Extractor  
  55  4:24  Extractor  
  54  4:25  Baneling x3  
  54  4:31  Zergling x2  
  54  4:32  Drone x3  
  54  4:36  Overlord  
  58  4:41  Overlord  
  58  4:44  Overlord  
  58  4:46  Overlord  
  57  4:55  Overlord  
  57  4:58  Zerg Ground Armor Level 1  
  57  4:59  Drone x3  
  60  5:02  Extractor  
  59  5:14  Zergling x2  
  59  5:16  Overlord  
  59  5:18  Roach x4  
  67  5:25  Roach  
  67  5:26  Roach x2  
  72  5:32  Drone x2  
  72  5:33  Drone  
  72  5:34  Roach x4  
  82  5:48  Roach x5  
  82  5:49  Roach  
  89  5:53  Roach  
  90  5:57  Roach x3  
  90  6:04  Zergling x8  
  99  6:07  Baneling x3  
  99  6:10  Overlord  
  100  6:12  Zergling x4  
  100  6:13  Zergling x2  
  103  6:19  Zergling x4  
  103  6:22  Overlord  
  103  6:25  Overlord  
  105  6:29  Zergling x10  
  108  6:40  Roach x5  
  118  6:51  Roach  
  118  6:52  Zerg Missile Weapons Level 1, Roach  
  120  6:58  Overlord x2  
  120  7:00  Roach x2  
  124  7:01  Roach  
  124  7:06  Overlord  
  123  7:09  Ravager x3  
  123  7:11  Roach x2  
  130  7:16  Overlord  
  130  7:18  Ravager  
  130  7:20  Roach x2  
  122  7:33  Roach x5, Zergling x4  
  114  7:43  Lair  
  98  7:44  Zergling x10  
  95  7:51  Zergling x10  
  99  8:02  Zergling x14  
  106  8:13  Ravager x3  
  106  8:14  Ravager  
  106  8:15  Zergling x8  
  114  8:23  Queen  
  116  8:32  Zergling x16  
  120  8:37  Zergling x2  
  120  8:38  Zergling x2  
  105  8:55  Overseer  
  105  8:57  Drone x4  
  109  9:14  Roach x4  
  117  9:25  Queen  
  117  9:27  Queen  
  121  9:32  Roach x2  
  121  9:37  Roach x3  
  131  9:42  Roach x2  
  135  9:51  Roach  
  135  9:52  Roach x4  
  143  9:56  Roach x2  
  143  9:57  Roach  
Show
View Real Time Build Order
Export as new Build Order

Rogue Zerg 

Build Orders: Hatch First 

Get SALT Encoding   

  12  0:00  Drone  
  13  0:12  Overlord  
  13  0:16  Drone  
  14  0:30  Drone x2  
  16  0:47  Hatchery  
  15  0:50  Drone  
  15  0:54  Drone  
  17  0:57  Drone  
  18  1:09  Extractor  
  17  1:12  Spawning Pool  
  17  1:15  Drone  
  17  1:18  Drone  
  18  1:27  Drone  
  19  1:38  Drone  
  20  1:49  Drone  
  21  1:59  Queen x2  
  21  2:00  Zergling x2  
  21  2:01  Overlord  
  26  2:11  Drone x2, Metabolic Boost  
  28  2:21  Drone x2  
  30  2:32  Drone x2  
  30  2:36  Hatchery  
  31  2:43  Queen  
  33  2:47  Drone  
  33  2:48  Drone  
  35  2:52  Baneling Nest  
  35  2:57  Overlord  
  34  2:58  Zergling x2  
  34  3:04  Drone  
  36  3:15  Drone x3  
  36  3:16  Zergling x4  
  36  3:17  Drone  
  36  3:18  Overlord  
  42  3:24  Evolution Chamber  
  42  3:25  Drone  
  42  3:26  Drone  
  43  3:36  Baneling x3  
  43  3:37  Baneling x2  
  43  3:38  Zergling x4  
  43  3:39  Baneling  
  45  3:41  Zergling x6  
  45  3:48  Zergling x4  
  50  3:49  Zergling x2  
  50  3:59  Extractor  
  50  4:00  Extractor  
  48  4:03  Roach Warren  
  48  4:05  Drone x5  
  51  4:12  Drone  
  51  4:14  Overlord  
  51  4:15  Overlord  
  51  4:16  Drone  
  52  4:22  Overlord  
  51  4:30  Zergling x2  
  52  4:37  Zerg Ground Armor Level 1  
  52  4:41  Drone x2  
  52  4:42  Hatchery  
  53  4:50  Drone  
  53  4:51  Roach x2  
  53  4:52  Roach  
  59  4:58  Roach  
  59  4:59  Roach  
  63  5:03  Roach x2  
  63  5:06  Roach  
  66  5:15  Hatchery  
  66  5:16  Roach x3  
  66  5:19  Baneling  
  66  5:20  Roach  
  73  5:22  Roach  
  74  5:29  Overlord x2  
  74  5:32  Overlord  
  74  5:35  Overlord  
  74  5:37  Baneling  
  74  5:45  Roach  
  74  5:46  Roach  
  74  5:47  Overlord  
  75  5:52  Roach x3  
  81  5:57  Roach  
  81  5:58  Roach  
  85  6:05  Roach x2  
  85  6:09  Roach x2  
  85  6:10  Roach  
  95  6:12  Ravager x2  
  95  6:17  Roach  
  99  6:20  Roach  
  101  6:27  Overlord  
  101  6:29  Roach x2  
  105  6:37  Roach  
  105  6:38  Roach  
  107  6:41  Zergling x2  
  107  6:42  Zergling x6  
  111  6:48  Overlord  
  111  6:49  Zergling x2  
  111  6:50  Zergling x4  
  111  6:52  Ravager x2  
  111  6:53  Zergling x2  
  117  6:58  Zergling x2  
  117  6:59  Zergling x2  
  119  7:04  Overlord  
  119  7:06  Zergling x4  
  121  7:09  Overlord, Ravager  
  121  7:10  Zergling x2, Ravager  
  121  7:11  Zergling x2  
  121  7:13  Zergling x4  
  127  7:15  Zergling x4  
  127  7:19  Ravager  
  130  7:26  Zergling x2  
  112  7:31  Zergling x2  
  112  7:33  Zergling x2  
  112  7:34  Zergling x14  
  103  7:41  Zergling x8  
  84  7:45  Zergling x6  
  84  7:47  Zergling x2  
  76  7:52  Roach  
  76  7:53  Roach  
  76  7:57  Roach  
  74  8:00  Roach  
  74  8:01  Zerg Missile Weapons Level 1  
  74  8:04  Roach  
  76  8:07  Roach  
  76  8:11  Roach  
  78  8:13  Roach  
  82  8:21  Ravager  
  82  8:22  Ravager  
  82  8:24  Evolution Chamber  
  82  8:25  Roach x3  
  87  8:27  Roach  
  87  8:29  Roach  
  87  8:32  Roach  
  94  8:34  Roach  
  94  8:36  Roach  
  94  8:50  Roach x4  
  94  8:55  Roach x2  
  94  9:07  Hatchery  
  94  9:09  Ravager  
  94  9:11  Zergling x4  
  94  9:12  Zergling x2  
  97  9:17  Roach  
  97  9:20  Zergling x2  
  97  9:21  Zergling x2  
  97  9:22  Zergling x2  
  102  9:26  Zergling x4  
  102  9:31  Ravager x2  
  106  9:33  Zergling x4  
  106  9:35  Zergling x2  
  106  9:36  Zergling x2  
  110  9:41  Zergling x2, Ravager  
  110  9:44  Zergling x4  
  114  9:45  Ravager  
  114  9:50  Zergling x2  
  114  9:51  Zergling x2  
  116  9:56  Zergling x2, Ravager  
  116  9:57  Zergling x4  
  120  10:00  Zergling x2  
  120  10:01  Zergling x2  

Tags
 
Add a new tag
Caveats
  • Supply blocks, unpowered buildings, or Contaminate may cause inaccurate times.
  • Supply counts are checked every 10 seconds.